 Dungeon Crawl Stone Soup version 0.24-a0-201-gf205589 (webtiles) character file.

Game seed: 12299673875741915565

128 Borgoz the Cutter (level 5, 0/32 HPs)
             Began as a Gargoyle Gladiator on Mar 26, 2019.
             Killed by divine providence
             ... invoked by an orc priest
              (14 damage)
             ... on level 3 of the Dungeon.
             The game lasted 00:03:40 (1860 turns).

Borgoz the Cutter (Gargoyle Gladiator)              Turns: 1860, Time: 00:03:40

Health: 0/32       AC:  8    Str: 18    XL:     5   Next: 11%
Magic:  6/6        EV: 12    Int: 14    God:
Gold:   144        SH:  0    Dex: 11    Spells: 6/6 levels left

rFire    . . .     SeeInvis .   a - +0 rapier
rCold    + . .     Gourm    .   (no shield)
rNeg     + . .     Faith    .   b - +0 leather armour
rPois    ∞         Spirit   .   c - +0 helmet
rElec    +         Reflect  .   (no cloak)
rCorr    .         Harm     .   (no gloves)
MR       .....                  (no boots)
Stlth    +.........             (no amulet)
HPRegen  0.10/turn              r - ring of protection from cold
MPRegen  0.10/turn              (no ring)

@: brilliant
A: negative energy resistance 1, electricity resistance, unbreathing,
petrification resistance, rot immunity, AC +4
a: no special abilities


You were on level 3 of the Dungeon.
You were not hungry.

You visited 1 branch of the dungeon, and saw 3 of its levels.

You collected 144 gold pieces.

Inventory:

Hand Weapons
 a - a +0 rapier (weapon)
Armour
 b - a +0 leather armour (worn)
 c - a +0 helmet (worn)
 e - a cursed +0 helmet
Jewellery
 r - a ring of protection from cold (left hand)
Scrolls
 g - 2 scrolls of identify {unknown}
 i - a scroll of random uselessness {unknown}
 j - a scroll of enchant armour {unknown}
 k - 5 scrolls of remove curse {unknown}
 n - a scroll of fog {unknown}
Potions
 h - 2 potions of cancellation
 m - a potion of flight {unknown}
 o - a potion of lignification {unknown}
 p - a potion of agility {unknown}
Comestibles
 f - 5 rations
 q - a chunk of flesh


   Skills:
 + Level 2.8 Fighting
 * Level 3.4 Short Blades
 + Level 2.1 Throwing
 + Level 1.3 Armour
 * Level 3.0 Dodging
 + Level 1.4 Stealth
 + Level 1.2 Spellcasting


You had 6 spell levels left.
You didn't know any spells.
Your spell library was empty.

Dungeon Overview and Level Annotations

Branches:
Dungeon (3/15)

Altars:


Innate Abilities, Weirdness & Mutations

You are resistant to torment.
Your stone body is resilient. (AC +4)
You are immune to poison.
You resist negative energy. (rN+)
You are resistant to electric shocks. (rElec)
You can survive without breathing.
You are immune to petrification.
You are immune to rotting.


Message History

You throw a throwing net.
The throwing net closely misses the orc priest.
The throwing net hits the orc.
The orc is caught in the net!
The orc struggles against the net.
Throwing (i - inventory)
d - 2 throwing nets (quivered)
Press: ? - help, Shift-Dir - straight line, f/p - orc priest
Aim: an orc priest, wielding a +0 short sword of draining (moderately wounded)
You throw a throwing net.
The throwing net closely misses the orc priest.
The throwing net hits the orc.
The orc priest misses you.
The orc struggles against the net.
Throwing (i - inventory)
d - a throwing net (quivered)
Press: ? - help, Shift-Dir - straight line, f/p - orc priest
Aim: an orc priest, wielding a +0 short sword of draining (moderately wounded)
You throw a throwing net.
The throwing net barely misses the orc priest.
The throwing net hits the orc.
The orc priest invokes the aid of Beogh against you.
Beogh smites you!
You die...

#......^.....>..........
#............########.##
###.........#### #.#
#......###### #.#
......#.### #.#
.####.#..># #.. # ###.##
#. #..# ##@# #o# #o# #o.
... .... .... #.....


You could see an orc priest and 2 orcs.

Vanquished Creatures
  Robin (D:2)
  4 adders
  2 worms (D:2)
  A dart slug (D:1)
  A leopard gecko (D:2)
  2 orcs (D:3)
  11 bats
  2 giant cockroaches
  18 goblins
  6 hobgoblins
  4 jackals (D:2)
  9 frilled lizards
  3 kobolds (D:2)
  4 rats
68 creatures vanquished.

Notes
Turn   | Place    | Note
-------+----------+-------------------------------------------
     0 | D:1      | Borgoz the Gargoyle Gladiator began the quest for the Orb.
     0 | D:1      | Reached XP level 1. HP: 12/12 MP: 1/1
    92 | D:1      | Reached XP level 2. HP: 17/17 MP: 2/2
   669 | D:2      | Reached XP level 3. HP: 13/22 MP: 3/3
   898 | D:2      | Noticed Robin
   923 | D:2      | Reached skill level 1 in Armour
   935 | D:2      | Killed Robin
   935 | D:2      | Reached skill level 1 in Stealth
   950 | D:2      | Reached XP level 4. HP: 8/27 MP: 5/5
   997 | D:2      | Reached skill level 1 in Spellcasting
  1773 | D:3      | Reached XP level 5. HP: 31/32 MP: 6/6
  1860 | D:3      | Killed from afar by an orc priest

Levels and vault maps discovered:
D:1:      dpeg_arrival_rooms_with_view, layout_rooms, bh_walls_and_bars
D:2:      layout_loops_cross, uniq_robin
D:3:      layout_rooms, old_standard_altar, led_xom_imps

Skill      XL: |  1  2  3  4  5 |
---------------+----------------+-----
Short Blades   | 3 |  3.4
Armour         | 1 |  1.3
Stealth        | 1 |  1.4
Throwing       | 2 |  2.1
Spellcasting   | 1 |  1.2
Dodging        | 3 |  3.0
Fighting       | |  2.8

Action                   |  1- 3 |  4- 6 || total
-------------------------+-------+-------++-------
Melee: Rapier            |   131 |   102 ||   233
Throw: Throwing net      |       |     3 ||     3
  Use: Potion            |     2 |     2 ||     4
 Stab: Sleeping          |     1 |     1 ||     2
  Eat: Chunk             |       |     3 ||     3
Armor: Leather armour    |    56 |    52 ||   108
Dodge: Dodged            |    98 |    72 ||   170

Table legend:
 A = Non-vault XP
 B = Vault XP
 C = Vault XP percentage of total XP
 D = Non-vault monster count
 E = Vault monster count
 F = Vault count percentage of total count
                 A         B        C        D         E       F
            +---------+---------+-------+---------+---------+-------
      Total |     141 |      42 |  23.0 |      53 |      15 |  22.1
            +---------+---------+-------+---------+---------+-------
        D:1 |      29 |       4 |  12.1 |      19 |       2 |   9.5
        D:2 |      87 |      38 |  30.4 |      28 |      13 |  31.7
        D:3 |      25 |       0 |   0.0 |       6 |       0 |   0.0
            +---------+---------+-------+---------+---------+-------
